 Dungeon Crawl Stone Soup version 0.29.0-4-gdea44cf6ec (webtiles) character file.

Game seed: 16301587498838999453

38 qw the Ruffian (level 3, 0/28 HPs)
             Began as a Ghoul Fire Elementalist on Aug 29, 2022.
             Slain by a frilled lizard (1 damage)
             ... on level 2 of the Dungeon.
             The game lasted 00:01:23 (1847 turns).

qw the Ruffian (Ghoul Fire Elementalist)            Turns: 1847, Time: 00:01:24

Health: 0/28       AC:  5    Str: 10 (13) XL:     3   Next: 43%
Magic:  4/4        EV: 10    Int:  7 (10) God:
Gold:   46         SH:  0    Dex:  7 (9)  Spells: 4/5 levels left

rFire   . . .      SeeInvis .     - Unarmed
rCold   + . .      Faith    .   (no shield)
rNeg    + + +      Spirit   .   g - +0 ring mail
rPois   inf        Reflect  .   (no helmet)
rElec   .          Harm     .   (no cloak)
rCorr   .          Rampage  .   (no gloves)
Will    .....                   (no boots)
Stlth   +.........              (no amulet)
HPRegen 0.00/turn               (no ring)
MPRegen 0.09/turn               (no ring)

@: inhibited regen
A: claws 1, cold resistance 1, negative energy resistance 3, inhibited
regeneration, torment resistance 2, devour on kill
a: no special abilities


You were on level 2 of the Dungeon.
You visited 1 branch of the dungeon, and saw 2 of its levels.

You collected 46 gold pieces.


Innate Abilities, Weirdness & Mutations

You are immune to poison.
You have sharp fingernails.
Your flesh is cold resistant. (rC+)
You are immune to negative energy. (rN+++)
You do not regenerate when monsters are visible.
You are immune to unholy pain and torment.
You thrive by killing the living.


   Skills:
 - Level 1.2 Fighting
 - Level 1.7 Dodging
 - Level 2.1 Stealth
 + Level 2.9 Unarmed Combat
 - Level 1.7 Spellcasting
 - Level 0.7 Conjurations
 - Level 2.4 Fire Magic


You had 4 spell levels left.
You knew the following spells:

 Your Spells              Type           Power      Damage    Failure   Level
a - Foxfire               Conj/Fire      8%         2x1d4     47%         1

Your spell library contained the following spells:

 Spells                   Type           Power      Damage    Failure   Level
 Scorch                   Fire           6%         2d5       50%         2
 Conjure Flame            Conj/Fire      2%         6-21      85%         3
 Inner Flame              Hex/Fire       2%         N/A       88%         3
 Flame Wave               Conj/Fire      2%         2d4       99%         4

Inventory:

Armour
 a - a +0 helmet
 g - a +0 ring mail (worn)
Jewellery
 c - a ring of magical power
Scrolls
 d - a scroll of identify
Potions
 b - a potion of berserk rage {unknown}

Dungeon Overview and Level Annotations

Branches:
Dungeon (2/15)

Altars:

Annotations:
D:2 Natasha


Message History

Natasha completely misses you.
You closely miss Natasha.
Natasha is moderately wounded.
Natasha claws you!
You closely miss Natasha.
Natasha is moderately wounded.
Natasha closely misses you.
You barely miss Natasha.
Natasha is moderately wounded.
Natasha claws you.
You closely miss Natasha.
Natasha is moderately wounded.
The frilled lizard bites you but does no damage.
Natasha claws you.
You closely miss Natasha.
Natasha is moderately wounded.
The frilled lizard barely misses you. Natasha completely misses you.
You closely miss Natasha.
Natasha is moderately wounded.
The frilled lizard misses you. Natasha misses you.
You scratch Natasha but do no damage.
Natasha is moderately wounded.
The frilled lizard bites you. Natasha claws you.
You scratch Natasha but do no damage.
Natasha is moderately wounded.
The frilled lizard bites you but does no damage.
Natasha misses you.
You scratch Natasha but do no damage.
Natasha is moderately wounded.
The frilled lizard bites you. Natasha claws you.
You completely miss Natasha.
Natasha is moderately wounded.
The frilled lizard misses you. Natasha claws you but does no damage.
You barely miss Natasha.
Natasha is moderately wounded.
The frilled lizard closely misses you. Natasha claws you.
You scratch Natasha.
Natasha is heavily wounded.
The frilled lizard bites you.
You die...

#.......#
###############.......#
......................##
..............!......'.
#...................##
#........##.........#
#........##.........#
#........##.........#
#....@#####.........#
#...lh# #.........#
#.....# ..........
......... .........
......... .........
....###... ..........
..#. .... ..+ .....
######## ........


You could see Natasha and a frilled lizard.

Vanquished Creatures
  An adder (D:2)
  4 endoplasms
  4 giant cockroaches
  3 goblins
  4 hobgoblins
  2 ball pythons (D:1)
  2 bats (D:1)
  2 kobolds (D:1)
  6 rats
28 creatures vanquished.

Notes
Turn   | Place    | Note
-------+----------+-------------------------------------------
     0 | D:1      | qw the Ghoul Fire Elementalist began the quest for the Orb.
     0 | D:1      | Reached XP level 1. HP: 14/14 MP: 2/2
     0 | D:1      | 0 ||| qw: Version: 0.1-a-90-g952f4b7
     0 | D:1      | 0 ||| qw: Game counter: 3925
     0 | D:1      | 0 ||| qw: Always use a shield: true
     0 | D:1      | 0 ||| qw: God list: Okawaru
     0 | D:1      | 0 ||| qw: Allow faded altars: false
     0 | D:1      | 0 ||| qw: Do Orc after D:15 true
     0 | D:1      | 0 ||| qw: Do second Lair branch before Depths: true
     0 | D:1      | 0 ||| qw: Lair rune preference: random
     0 | D:1      | 0 ||| qw: Plans: Normal
     0 | D:1      | 0 ||| PLANNING D:1-11
   131 | D:1      | Reached skill level 1 in Unarmed Combat
   443 | D:1      | Reached skill level 1 in Fighting
   443 | D:1      | Reached XP level 2. HP: 9/23 MP: 3/3
   763 | D:1      | Found a faded altar of an unknown god.
  1015 | D:1      | 1015 ||| Stepping ~*~*~tactically~*~*~ (outnumbered).
  1018 | D:1      | 1018 ||| Stepping ~*~*~tactically~*~*~ (outnumbered).
  1267 | D:1      | 1267 ||| UPGRADING to +0 ring mail.
  1277 | D:1      | 1277 ||| DROPPING +0 robe.
  1278 | D:1      | 1278 ||| READING 2 scrolls labelled KUUQUE GOMM.
  1279 | D:1      | 1279 ||| READING scroll labelled BUEKKOU VEIHAI.
  1280 | D:1      | 1280 ||| READING scroll labelled VUMA FONNUVUA.
  1281 | D:1      | 1281 ||| READING scroll labelled GYTTETT GINIEM.
  1282 | D:1      | 1282 ||| READING scroll labelled ICHOUMOALO.
  1287 | D:1      | 1287 ||| DRINKING 2 blue potions.
  1288 | D:1      | 1288 ||| DROPPING potion of magic.
  1289 | D:1      | 1289 ||| DROPPING potion of degeneration.
  1349 | D:2      | Reached XP level 3. HP: 13/28 MP: 4/4
  1833 | D:2      | Noticed Natasha
  1844 | D:2      | HP: 6/28 [frilled lizard (2)]
  1846 | D:2      | HP: 1/28 [Natasha (2)]
  1847 | D:2      | Slain by a frilled lizard

Levels and vault maps discovered:
D:1:      lemuel_arrival_funnel, layout_basic,
          hellmonk_ecumenical_altar_inner_sanctum, minmay_unequal
D:2:      layout_basic, serial_shops, shop, basic_altar, uniq_natasha,
          uniq_crazy_yiuf_cottage

Skill      XL: |  1  2 |
---------------+-------+-----
Unarmed Combat | 1 2 |  2.9
Fighting       | 1 |  1.2
Dodging        | |  1.7
Stealth        | |  2.1
Spellcasting   | |  1.7
Conjurations   | |  0.7
Fire Magic     | |  2.4

Action                   || total
-------------------------++-------
Melee: Unarmed           ||   125
       Punch             ||     1
  Use: Scroll            ||     5
       Potion            ||     1
Armor: Robe              ||    11
       Ring mail         ||    18
Dodge: Dodged            ||    55

Table legend:
 A = Non-vault XP
 B = Vault XP
 C = Vault XP percentage of total XP
 D = Non-vault monster count
 E = Vault monster count
 F = Vault count percentage of total count
                 A         B        C        D         E       F
            +---------+---------+-------+---------+---------+-------
      Total |      50 |       5 |   9.1 |      25 |       3 |  10.7
            +---------+---------+-------+---------+---------+-------
        D:1 |      25 |       5 |  16.7 |      17 |       3 |  15.0
        D:2 |      25 |       0 |   0.0 |       8 |       0 |   0.0
            +---------+---------+-------+---------+---------+-------
